 Dungeon Crawl Stone Soup version 0.29.0-4-gdea44cf6ec (webtiles) character file.

Game seed: 13886224092299344046

76 qw the Chopper (level 4, -6/26 HPs)
             Began as a Tengu Warper on Aug 28, 2022.
             Mangled by a gnoll
             ... wielding a +0 halberd
              (12 damage)
             ... on level 2 of the Dungeon.
             The game lasted 00:00:10 (2202 turns).

qw the Chopper (Tengu Warper)                       Turns: 2202, Time: 00:00:11

Health: -6/26      AC:  6    Str: 13    XL:     4   Next: 32%
Magic:  8/8        EV:  9    Int: 14    God:
Gold:   53         SH:  0    Dex: 13    Spells: 7/7 levels left

rFire   . . .      SeeInvis .   Y - +1 hand axe
rCold   . . .      Faith    .   (no shield)
rNeg    . . .      Spirit   .   n - +0 scale mail
rPois   .          Reflect  .   (helmet restricted)
rElec   .          Harm     .   (no cloak)
rCorr   .          Rampage  .   (no gloves)
Will    .....                   (boots unavailable)
Stlth   ..........              (no amulet)
HPRegen 0.08/turn               (no ring)
MPRegen 0.11/turn               (no ring)

@: no status effects
A: beak, talons 3
a: no special abilities


You were on level 2 of the Dungeon.
You visited 1 branch of the dungeon, and saw 2 of its levels.

You collected 81 gold pieces.
You spent 28 gold pieces at shops.


Innate Abilities, Weirdness & Mutations

You have a beak for a mouth.
You have claws for feet.


   Skills:
 - Level 2.0 Fighting
 + Level 4.9 Axes
 - Level 1.0 Throwing
 - Level 1.1 Armour
 - Level 2.1 Dodging
 - Level 2.0 Spellcasting
 - Level 2.4 Translocations


You had 7 spell levels left.
You didn't know any spells.
Your spell library contained the following spells:

 Spells                   Type           Power      Damage    Failure   Level
 Blink                    Tloc           16%        N/A       54%         2
 Gell's Gravitas          Tloc           8%         N/A       78%         3
 Lesser Beckoning         Tloc           8%         N/A       78%         3
 Teleport Other           Tloc           8%         N/A       78%         3
 Manifold Assault         Tloc           8%         N/A       100%        5

Inventory:

Hand Weapons
 d - a +0 whip
 Y - a +1 hand axe (weapon)
Armour
 b - a +0 chain mail
 n - a +0 scale mail (worn)
Scrolls
 c - a scroll of teleportation {unknown}
 l - 3 scrolls of identify
Potions
 a - 2 potions of ambrosia {unknown}
 h - a potion of heal wounds {unknown}
 i - a potion of might {unknown}
 j - a potion of curing {unknown}

Dungeon Overview and Level Annotations

Branches:
Dungeon (2/15)

Altars:

Shops:
D:1 ?


Message History

You hit the rat.
You kill the rat!
You now have 53 gold pieces (gained 4).
You enter the shallow water.
Moving in this stuff is going to be slow.
You enter the shallow water.
Moving in this stuff is going to be slow.
You enter the shallow water.
Moving in this stuff is going to be slow.
Found a stone staircase leading down.
Enter note:
Enter note:
Enter note:
Enter note:
Enter note: A gnoll comes into view. It is wielding a +0 halberd.
The gnoll shouts! 2 gnolls come into view.
A gnoll is wielding a +0 spear of freezing.
The gnoll shouts!
Enter note:
Enter note: The gnoll hits you with a +0 halberd.
The gnoll hits you from afar with a +0 spear of freezing.
The gnoll freezes you.
There is a stone staircase leading down here.
You hit the gnoll. You peck the gnoll.
The gnoll is moderately wounded.
The gnoll hits you but does no damage.
The gnoll hits you from afar with a +0 spear of freezing.
The gnoll freezes you.
You hit the gnoll. Your peck misses the gnoll.
The gnoll is heavily wounded.
You hit the gnoll but do no damage. The gnoll hits you with a +0 halberd!
The gnoll hits you but does no damage. x2
You hit the gnoll.
The gnoll is almost dead.
You hit the gnoll. The gnoll hits you with a +0 halberd!
You die...

..........# .
#..#.##.###
...##.....#+##
#####..#.##..
....#........# ...
...#.#####
....#........# #.. ###.#
# ....#####....#
..#####.. ....# #....#
##......... ....#
#....###........ ....#
##.....##.#...... #
~P7~# #........@g......
~P~~7###.....###.g......
P~~~~~##.....# #..g.....
~~P~~P7#.....# #........
~~~~77.......# #........
~~~~~#.......# #........
~~~P7#.......# ###.....#
~7777#......## .....# ~7
#......#


You could see 3 gnolls.

Vanquished Creatures
  Jessica (D:2)
  An adder (D:2)
  A worm (D:2)
  2 bats (D:1)
  2 endoplasms
  A giant cockroach (D:2)
  3 goblins
  6 hobgoblins (D:1)
  4 jackals (D:1)
  3 quokkas (D:1)
  2 ball pythons (D:1)
  A frilled lizard (D:1)
  5 kobolds
  4 rats
36 creatures vanquished.

Vanquished Creatures (others)
  8 plants (D:2)
8 creatures vanquished.

Grand Total: 44 creatures vanquished

Notes
Turn   | Place    | Note
-------+----------+-------------------------------------------
     0 | D:1      | qw the Tengu Warper began the quest for the Orb.
     0 | D:1      | Reached XP level 1. HP: 12/12 MP: 4/4
     0 | D:1      | 0 ||| qw: Version: 0.1-a-89-g26bdef1
     0 | D:1      | 0 ||| qw: Game counter: 1601
     0 | D:1      | 0 ||| qw: Always use a shield: true
     0 | D:1      | 0 ||| qw: God list: Okawaru
     0 | D:1      | 0 ||| qw: Allow faded altars: false
     0 | D:1      | 0 ||| qw: Do Orc after D:15 true
     0 | D:1      | 0 ||| qw: Do second Lair branch before Depths: true
     0 | D:1      | 0 ||| qw: Lair rune preference: random
     0 | D:1      | 0 ||| qw: Plans: Normal
     0 | D:1      | 0 ||| PLANNING D:1-11
    41 | D:1      | 41 ||| Stepping ~*~*~tactically~*~*~ (stealth).
   249 | D:1      | Reached skill level 3 in Axes
   249 | D:1      | Reached XP level 2. HP: 12/17 MP: 6/6
   731 | D:1      | Found Ecei's Magic Scroll Boutique.
   775 | D:1      | Reached XP level 3. HP: 21/21 MP: 7/7
   961 | D:1      | 961 ||| SHOPLISTING scroll of enchant weapon (105 gold,
                  | have 32).
   961 | D:1      | 961 ||| BUYING scroll of identify (28 gold).
   961 | D:1      | Bought a scroll of identify for 28 gold pieces
   961 | D:1      | 961 ||| SHOPLISTING scroll of identify (28 gold, have 4).
   961 | D:1      | 961 ||| SHOPLISTING scroll of teleportation (42 gold, have
                  | 4).
  1077 | D:1      | 1077 ||| Stepping ~*~*~tactically~*~*~ (stealth).
  1209 | D:1      | Found a faded altar of an unknown god.
  1322 | D:1      | Reached skill level 4 in Axes
  1409 | D:1      | 1409 ||| UPGRADING to +0 scale mail.
  1419 | D:1      | 1419 ||| DROPPING +0 leather armour.
  1420 | D:1      | 1420 ||| READING 2 scrolls labelled KAGUGA AHIO.
  1421 | D:1      | 1421 ||| READING scroll labelled MUOGICLU JEXUIX.
  1422 | D:1      | 1422 ||| READING scroll labelled PUERRO ELAONAL.
  1423 | D:1      | 1423 ||| READING scroll labelled YRIUCHA VERU ZIYNK.
  1424 | D:1      | 1424 ||| READING scroll labelled MISHEA COYLALAGG.
  1425 | D:1      | 1425 ||| DROPPING scroll of amnesia.
  1426 | D:1      | 1426 ||| DROPPING scroll of blinking.
  1588 | D:2      | Noticed Jessica
  1589 | D:2      | 1589 ||| Stepping ~*~*~tactically~*~*~ (hiding).
  1591 | D:2      | 1591 ||| Stepping ~*~*~tactically~*~*~ (hiding).
  1595 | D:2      | Killed Jessica
  1596 | D:2      | Reached XP level 4. HP: 23/26 MP: 8/8
  1679 | D:2      | 1679 ||| Stepping ~*~*~tactically~*~*~ (hiding).
  1792 | D:2      | 1792 ||| Stepping ~*~*~tactically~*~*~ (stealth).
  2002 | D:2      | 2002 ||| FLEEEEING.
  2042 | D:2      | 2042 ||| Stepping ~*~*~tactically~*~*~ (stealth).
  2044 | D:2      | 2044 ||| Stepping ~*~*~tactically~*~*~ (stealth).
  2201 | D:2      | HP: 6/26 [gnoll/+0 halberd (8)]
  2202 | D:2      | Mangled by a gnoll

Levels and vault maps discovered:
D:1:      dpeg_arrival_yet_another_circle, layout_basic,
          dilly_ecumenical_altar_fadedgnrine, serial_shops,
          nicolae_shop_advertising_works [nicolae_subvault_shop_adworks]
D:2:      layout_basic, serial_bayou_lagoon_b, uniq_jessica

Skill      XL: |  1  2  3 |
---------------+----------+-----
Axes           | 3 4 |  4.9
Fighting       | |  2.0
Throwing       | |  1.0
Armour         | |  1.1
Dodging        | |  2.1
Spellcasting   | |  2.0
Translocations | |  2.4

Action                   |  1- 3 |  4- 6 || total
-------------------------+-------+-------++-------
Melee: Hand axe          |    70 |    20 ||    90
       Kick              |    17 |     4 ||    21
       Peck              |     6 |     3 ||     9
Throw: Boomerang         |     7 |       ||     7
  Use: Scroll            |     5 |       ||     5
Armor: Leather armour    |    16 |       ||    16
       Scale mail        |     1 |    12 ||    13
Dodge: Dodged            |    27 |     4 ||    31

Table legend:
 A = Non-vault XP
 B = Vault XP
 C = Vault XP percentage of total XP
 D = Non-vault monster count
 E = Vault monster count
 F = Vault count percentage of total count
                 A         B        C        D         E       F
            +---------+---------+-------+---------+---------+-------
      Total |      72 |      37 |  33.9 |      35 |       1 |   2.8
            +---------+---------+-------+---------+---------+-------
        D:1 |      45 |       0 |   0.0 |      27 |       0 |   0.0
        D:2 |      27 |      37 |  57.8 |       8 |       1 |  11.1
            +---------+---------+-------+---------+---------+-------
